TOP OF THE 1ST |
South Bend Cubs batting - Pitching for Kane County Cougars : RHP Eric Richards
|
Pitching: RHP Eric Richards
|
|
Batting: RHB Jason Ostrom
|
0-0: Ball 1-0: Called Strike 1-1: Ball 2-1: Ball 3-1: Base on Balls
|
Batting: LHB Andy Bordeaux
|
0-0: Ball 1-0: Foul Ball, location: 2F 1-1: Ground out U3 (Groundball, 34S, EV 70.0 MPH) Jason Ostrom to second
|
Batting: RHB Mike Savage
|
0-0: Called Strike 0-1: Ball 1-1: Fly out, F8 (Flyball, 8RS, EV 77.5 MPH)
|
Batting: LHB Mike DiNardo
|
0-0: Ball 1-0: Foul Ball, location: 2F 1-1: Swinging Strike 1-2: Ball 2-2: Foul Ball, location: 2F 2-2: Foul Ball, location: 2F 2-2: Foul Ball, location: 2F 2-2: Ball 3-2: Base on Balls
|
Batting: SHB Benoît Morin
|
0-0: Swinging Strike 0-1: Ball 1-1: Foul Ball, location: 2F 1-2: Ground out 4-3 (Groundball, 4, EV 78.1 MPH)
|
Top of the 1st over - 0 runs, 0 hits, 0 errors, 2 left on base; South Bend 0 - Kane County 0 |
BOTTOM OF THE 1ST |
Kane County Cougars batting - Pitching for South Bend Cubs : LHP Jose Carrillo
|
Pitching: LHP Jose Carrillo
|
|
Batting: LHB Willie Gutierrez
|
0-0: Ball 1-0: Foul Ball, location: 2F 1-1: Ball 2-1: SINGLE (Groundball, 4MD, EV 101.9 MPH)
|
Batting: RHB Franklin Villanueva
|
0-0: Ball 1-0: Ball Willie Gutierrez steals 2nd base 2-0: Foul Ball, location: 2F 2-1: Swinging Strike 2-2: Ball 3-2: Base on Balls
|
Batting: LHB Kevin Ferguson
|
0-0: Called Strike 0-1: Ball 1-1: Fly out, F8 (Flyball, 8LM, EV 91.2 MPH)
|
Batting: RHB Dave Vargas
|
0-0: Called Strike 0-1: Ball 1-1: Foul Ball, location: 2F 1-2: Foul Ball, location: 2F 1-2: Fielders Choice at 2nd, 3-6 (Groundball, 34, EV 83.8 MPH) Willie Gutierrez to third
|
Batting: RHB John Pena
|
0-0: Fielders Choice at 2nd, 5-4 (Groundball, 56, EV 83.8 MPH)
|
Bottom of the 1st over - 0 runs, 1 hit, 0 errors, 2 left on base; South Bend 0 - Kane County 0 |
TOP OF THE 2ND |
South Bend Cubs batting - Pitching for Kane County Cougars : RHP Eric Richards
|
Batting: LHB Jim Polson
|
0-0: Foul Ball, location: 2F 0-1: Called Strike 0-2: Foul Ball, location: 2F 0-2: Strikes out swinging
|
Batting: RHB John Madden
|
0-0: Ball 1-0: Ball 2-0: Foul Ball, location: 2F 2-1: Foul Ball, location: 2F 2-2: Fly out, F8 (Flyball, 8RD, EV 93.8 MPH)
|
Batting: RHB Omar Novoa
|
0-0: Ball 1-0: SINGLE (Line Drive, 8RS, EV 101.9 MPH)
|
Batting: SHB Alvaro Andrade
|
0-0: Ball Omar Novoa is caught stealing 2nd base 2-6
|
Top of the 2nd over - 0 runs, 1 hit, 0 errors, 0 left on base; South Bend 0 - Kane County 0 |
BOTTOM OF THE 2ND |
Kane County Cougars batting - Pitching for South Bend Cubs : LHP Jose Carrillo
|
Batting: RHB Marlon Reda
|
0-0: Swinging Strike 0-1: Ground out 5-3 (Groundball, 15, EV 79.4 MPH)
|
Batting: RHB Curt Barrett
|
0-0: Foul Ball, location: 2F 0-1: Foul Ball, location: 2F 0-2: Ball 1-2: Foul Ball, location: 2F 1-2: Ball 2-2: Foul Ball, location: 2F 2-2: Ground out 6-3 (Groundball, 6, EV 88.8 MPH)
|
Batting: LHB T.J. Duvall
|
0-0: Called Strike 0-1: Foul Ball, location: 2F 0-2: Ball 1-2: Ball 2-2: Ball 3-2: Foul Ball, location: 2F 3-2: Strikes out looking
|
Bottom of the 2nd over - 0 runs, 0 hits, 0 errors, 0 left on base; South Bend 0 - Kane County 0 |
TOP OF THE 3RD |
South Bend Cubs batting - Pitching for Kane County Cougars : RHP Eric Richards
|
Batting: SHB Alvaro Andrade
|
0-0: Ball 1-0: Swinging Strike 1-1: Foul Ball, location: 2F 1-2: Strikes out swinging
|
Batting: RHB Jason Ostrom
|
0-0: Called Strike 0-1: Fly out, F8 (Flyball, 8LM, EV 88.8 MPH)
|
Batting: LHB Andy Bordeaux
|
0-0: Swinging Strike 0-1: Ground out 4-3 (Groundball, 4, EV 78.8 MPH)
|
Top of the 3rd over - 0 runs, 0 hits, 0 errors, 0 left on base; South Bend 0 - Kane County 0 |
BOTTOM OF THE 3RD |
Kane County Cougars batting - Pitching for South Bend Cubs : LHP Jose Carrillo
|
Batting: LHB Brian Nielsen
|
0-0: Fly out, F3 (Flyball, 3D, EV 83.8 MPH)
|
Batting: LHB Willie Gutierrez
|
0-0: Called Strike 0-1: Ball 1-1: Foul Ball, location: 2F 1-2: Foul Ball, location: 2F 1-2: Ball 2-2: SINGLE (Groundball, 34D, EV 104.4 MPH)
|
Batting: RHB Franklin Villanueva
|
Pickoff Throw to First - Out! 1-3 0-0: Ball 1-0: Ball 2-0: Ball 3-0: Base on Balls
|
Batting: LHB Kevin Ferguson
|
0-0: Called Strike 0-1: Ball 1-1: Ball 2-1: Swinging Strike 2-2: Ball Franklin Villanueva is caught stealing 2nd base 2-6
|
Bottom of the 3rd over - 0 runs, 1 hit, 0 errors, 0 left on base; South Bend 0 - Kane County 0 |
TOP OF THE 4TH |
South Bend Cubs batting - Pitching for Kane County Cougars : RHP Eric Richards
|
Batting: RHB Mike Savage
|
0-0: Ball 1-0: Ground out 5-3 (Groundball, 56, EV 93.8 MPH)
|
Batting: LHB Mike DiNardo
|
0-0: Ball 1-0: Ball 2-0: Called Strike 2-1: Called Strike 2-2: Foul Ball, location: 2F 2-2: Ground out U3 (Groundball, 3, EV 104.4 MPH)
|
Batting: SHB Benoît Morin
|
0-0: Ball 1-0: Foul Ball, location: 2F 1-1: Foul Ball, location: 2F 1-2: Strikes out swinging
|
Top of the 4th over - 0 runs, 0 hits, 0 errors, 0 left on base; South Bend 0 - Kane County 0 |
BOTTOM OF THE 4TH |
Kane County Cougars batting - Pitching for South Bend Cubs : LHP Jose Carrillo
|
Batting: LHB Kevin Ferguson
|
0-0: Ball 1-0: Foul Ball, location: 2F 1-1: Called Strike 1-2: Strikes out swinging
|
Batting: RHB Dave Vargas
|
0-0: Ball 1-0: Ball 2-0: Called Strike 2-1: Foul Ball, location: 2F 2-2: Ball 3-2: Foul Ball, location: 2F 3-2: Fly out, F8 (Line Drive, 8LM, EV 87.5 MPH)
|
Batting: RHB John Pena
|
0-0: Ball 1-0: Foul Ball, location: 2F 1-1: Foul Ball, location: 2F 1-2: Fly out, F9 (Flyball, 9, EV 83.8 MPH)
|
Bottom of the 4th over - 0 runs, 0 hits, 0 errors, 0 left on base; South Bend 0 - Kane County 0 |
TOP OF THE 5TH |
South Bend Cubs batting - Pitching for Kane County Cougars : RHP Eric Richards
|
Batting: LHB Jim Polson
|
0-0: Foul Ball, location: 2F 0-1: Ball 1-1: Ball 2-1: Ball 3-1: Ground out 5-3 (Groundball, 56, EV 87.5 MPH)
|
Batting: RHB John Madden
|
0-0: Called Strike 0-1: Swinging Strike 0-2: Ball 1-2: Ground out 5-3 (Groundball, 56, EV 98.1 MPH)
|
Batting: RHB Omar Novoa
|
0-0: Called Strike 0-1: Foul Ball, location: 2F 0-2: Ball 1-2: Foul Ball, location: 2F 1-2: Strikes out swinging
|
Top of the 5th over - 0 runs, 0 hits, 0 errors, 0 left on base; South Bend 0 - Kane County 0 |
BOTTOM OF THE 5TH |
Kane County Cougars batting - Pitching for South Bend Cubs : LHP Jose Carrillo
|
Batting: RHB Marlon Reda
|
0-0: Called Strike 0-1: Ball 1-1: Ball 2-1: Swinging Strike 2-2: Ball 3-2: Fly out, F6 (Flyball, 56D, EV 85.0 MPH)
|
Batting: RHB Curt Barrett
|
0-0: Called Strike 0-1: Foul Ball, location: 2F 0-2: Ball 1-2: Foul Ball, location: 2F 1-2: Foul Ball, location: 2F 1-2: Ball 2-2: Ball 3-2: Foul Ball, location: 2F 3-2: Fly out, F5 (Line Drive, 5, EV 63.8 MPH)
|
Batting: LHB T.J. Duvall
|
0-0: Called Strike 0-1: Ball 1-1: Foul Ball, location: 2F 1-2: Strikes out swinging
|
Bottom of the 5th over - 0 runs, 0 hits, 0 errors, 0 left on base; South Bend 0 - Kane County 0 |
TOP OF THE 6TH |
South Bend Cubs batting - Pitching for Kane County Cougars : RHP Eric Richards
|
Batting: SHB Alvaro Andrade
|
0-0: Foul Ball, location: 2F 0-1: Called Strike 0-2: Ball 1-2: Fly out, F7 (Flyball, 78S, EV 95.6 MPH)
|
Batting: RHB Jason Ostrom
|
0-0: Foul Ball, location: 2F 0-1: Foul Ball, location: 2F 0-2: DOUBLE (Line Drive, 9LM, EV 102.5 MPH)
|
Batting: LHB Andy Bordeaux
|
0-0: Foul Ball, location: 2F 0-1: Called Strike 0-2: Ball 1-2: Ball 2-2: Ball 3-2: Ground out 5-3 (Groundball, 56, EV 78.1 MPH)
|
Batting: RHB Mike Savage
|
0-0: Called Strike 0-1: Foul Ball, location: 2F 0-2: Foul Ball, location: 2F 0-2: Ball 1-2: Fly out, F8 (Line Drive, 8LM, EV 93.1 MPH)
|
Top of the 6th over - 0 runs, 1 hit, 0 errors, 1 left on base; South Bend 0 - Kane County 0 |
BOTTOM OF THE 6TH |
Kane County Cougars batting - Pitching for South Bend Cubs : LHP Jose Carrillo
|
Batting: LHB Brian Nielsen
|
0-0: Called Strike 0-1: Ball 1-1: Swinging Strike 1-2: Strikes out swinging
|
Batting: LHB Willie Gutierrez
|
0-0: Fly out, F7 (Flyball, 7LS, EV 93.1 MPH)
|
Batting: RHB Franklin Villanueva
|
0-0: SINGLE (Groundball, 4MD, EV 104.4 MPH)
|
Batting: LHB Kevin Ferguson
|
0-0: Called Strike 0-1: Swinging Strike 0-2: Hit by Pitch Franklin Villanueva to second
|
Batting: RHB Dave Vargas
|
0-0: Foul Ball, location: 2F 0-1: Fly out, F9 (Line Drive, 89M, EV 91.9 MPH)
|
Bottom of the 6th over - 0 runs, 1 hit, 0 errors, 2 left on base; South Bend 0 - Kane County 0 |
TOP OF THE 7TH |
South Bend Cubs batting - Pitching for Kane County Cougars : RHP Eric Richards
|
Batting: LHB Mike DiNardo
|
0-0: Foul Ball, location: 2F 0-1: Ball 1-1: Ball 2-1: Called Strike 2-2: Strikes out swinging
|
Batting: SHB Benoît Morin
|
0-0: Called Strike 0-1: Foul Ball, location: 2F 0-2: Ground out U3 (Groundball, 34, EV 98.1 MPH)
|
Batting: LHB Jim Polson
|
0-0: Ground out 6-3 (Groundball, 6, EV 89.4 MPH)
|
Top of the 7th over - 0 runs, 0 hits, 0 errors, 0 left on base; South Bend 0 - Kane County 0 |
BOTTOM OF THE 7TH |
Kane County Cougars batting - Pitching for South Bend Cubs : LHP Jose Carrillo
|
Batting: RHB John Pena
|
0-0: Ball 1-0: Ball 2-0: Called Strike 2-1: Foul Ball, location: 2F 2-2: Fly out, F9 (Line Drive, 9, EV 99.4 MPH)
|
Batting: RHB Marlon Reda
|
0-0: Swinging Strike 0-1: Ball 1-1: Called Strike 1-2: Foul Ball, location: 2F 1-2: Ball 2-2: DOUBLE (Groundball, 5L, EV 103.8 MPH)
|
Batting: RHB Curt Barrett
|
0-0: Intentional Walk
|
Batting: LHB T.J. Duvall
|
0-0: Swinging Strike 0-1: Called Strike 0-2: Fielders Choice at 2nd, 4-6 (Groundball, 34D, EV 83.1 MPH) Marlon Reda to third
|
Pitching: RHP Daniel Sullivan
|
|
Batting: LHB Brian Nielsen
|
0-0: Called Strike 0-1: Ground out 4-3 (Groundball, 4, EV 85.6 MPH)
|
Bottom of the 7th over - 0 runs, 1 hit, 0 errors, 2 left on base; South Bend 0 - Kane County 0 |
TOP OF THE 8TH |
South Bend Cubs batting - Pitching for Kane County Cougars : RHP Eric Richards
|
Batting: RHB John Madden
|
0-0: Swinging Strike 0-1: Ball 1-1: Ball 2-1: Swinging Strike 2-2: Foul Ball, location: 2F 2-2: Ball 3-2: Ground out 6-3 (Groundball, 56, EV 105.0 MPH)
|
Batting: RHB Omar Novoa
|
0-0: Called Strike 0-1: Swinging Strike 0-2: TRIPLE (Line Drive, 89XD, EV 106.9 MPH)
|
Batting: SHB Alvaro Andrade
|
0-0: Foul Ball, location: 2F 0-1: Foul Ball, location: 2F 0-2: Foul Ball, location: 2F 0-2: Ball 1-2: Strikes out swinging
|
Batting: RHB Jason Ostrom
|
0-0: Ball 1-0: Swinging Strike 1-1: Ball 2-1: Ball 3-1: Foul Ball, location: 2F 3-2: Base on Balls
|
Pitching: LHP Frank Rowe
|
|
Pinch Hitting: LHB Shuan-yan Wu
|
0-0: Ball 1-0: Called Strike 1-1: Ball 2-1: Fly out, F7 (Flyball, 7LM, EV 76.2 MPH)
|
Top of the 8th over - 0 runs, 1 hit, 0 errors, 2 left on base; South Bend 0 - Kane County 0 |
BOTTOM OF THE 8TH |
Kane County Cougars batting - Pitching for South Bend Cubs : RHP Daniel Sullivan
|
Now at 1B: Shuan-yan Wu
|
|
Batting: LHB Willie Gutierrez
|
0-0: Called Strike 0-1: Swinging Strike 0-2: Ball 1-2: Ball 2-2: Foul Ball, location: 2F 2-2: Foul Ball, location: 2F 2-2: Ball 3-2: Base on Balls
|
Batting: RHB Franklin Villanueva
|
0-0: Ball 1-0: Ball 2-0: Ball 3-0: Called Strike 3-1: Base on Balls Willie Gutierrez to second
|
Batting: LHB Kevin Ferguson
|
0-0: Ball 1-0: SINGLE (Groundball, 6D, EV 103.1 MPH) Willie Gutierrez to third Franklin Villanueva to second
|
Batting: RHB Dave Vargas
|
0-0: Ball 1-0: Foul Ball, location: 2F 1-1: Called Strike 1-2: Ball 2-2: Foul Ball, location: 2F 2-2: Foul Ball, location: 2F 2-2: Ball 3-2: Foul Ball, location: 2F 3-2: Base on Balls Willie Gutierrez scores Franklin Villanueva to third Kevin Ferguson to second
|
Pitching: LHP Andres Lobato
|
|
Batting: RHB John Pena
|
0-0: Called Strike 0-1: Fly out, F8 (Flyball, 89XD, EV 95.0 MPH) Runner from 3rd tags up, SCORES, no throw by CF Kevin Ferguson to third
|
Batting: RHB Marlon Reda
|
0-0: Called Strike 0-1: Called Strike 0-2: Ball 1-2: Ball Passed Ball! Kevin Ferguson scores Dave Vargas to second 2-2: Ball 3-2: Base on Balls
|
Batting: RHB Curt Barrett
|
0-0: Foul Ball, location: 2F 0-1: Swinging Strike 0-2: Ball 1-2: Fly out, F4 (Popup, 34S, EV 72.5 MPH)
|
Batting: LHB T.J. Duvall
|
0-0: Ball 1-0: 3-RUN HOME RUN (Flyball, 9LD, EV 93.8 MPH), Distance : 340 ft
|
Batting: LHB Brian Nielsen
|
0-0: Called Strike 0-1: Swinging Strike 0-2: Ball 1-2: Ball 2-2: Ball 3-2: Base on Balls
|
Pitching: RHP Eric Allen
|
|
Batting: LHB Willie Gutierrez
|
0-0: Ball Brian Nielsen steals 2nd base 1-0: Foul Ball, location: 2F 1-1: Ball 2-1: Foul Ball, location: 2F 2-2: Foul Ball, location: 2F 2-2: Ball 3-2: Foul Ball, location: 2F 3-2: Base on Balls
|
Batting: RHB Franklin Villanueva
|
0-0: Foul Ball, location: 2F 0-1: Foul Ball, location: 2F 0-2: Ball 1-2: Ball 2-2: SINGLE (Groundball, 5D, EV 106.2 MPH) Brian Nielsen to third Willie Gutierrez to second Runner from 3rd tries for Home, SAFE, throw by LF to home
|
Batting: LHB Kevin Ferguson
|
0-0: Called Strike 0-1: Ball 1-1: Ball 2-1: Ball 3-1: Base on Balls Willie Gutierrez to third Franklin Villanueva to second
|
Batting: RHB Dave Vargas
|
0-0: Ball 1-0: Ball 2-0: Ball 3-0: Called Strike 3-1: Base on Balls Willie Gutierrez scores Franklin Villanueva to third Kevin Ferguson to second
|
Batting: RHB John Pena
|
0-0: Called Strike 0-1: SINGLE (Groundball, 34D, EV 103.8 MPH) Franklin Villanueva scores Kevin Ferguson to third Dave Vargas to second Runner from 3rd tries for Home, SAFE, throw by RF to home
|
Pitching: LHP Bill Tardiff
|
|
Batting: RHB Marlon Reda
|
0-0: Called Strike 0-1: DOUBLE (Flyball, 89D, EV 101.9 MPH) Dave Vargas scores John Pena to third
|
Batting: RHB Curt Barrett
|
0-0: Foul Ball, location: 2F 0-1: Ball 1-1: Called Strike 1-2: Ball 2-2: Foul Ball, location: 2F 2-2: Ball 3-2: Ground out 5-3 (Groundball, 56, EV 98.8 MPH)
|
Bottom of the 8th over - 11 runs, 5 hits, 0 errors, 2 left on base; South Bend 0 - Kane County 11 |
TOP OF THE 9TH |
South Bend Cubs batting - Pitching for Kane County Cougars : LHP Frank Rowe
|
Pitching: RHP Andy Jensen
|
|
Batting: RHB Mike Savage
|
0-0: Called Strike 0-1: Fly out, F9 (Flyball, 9D, EV 99.4 MPH)
|
Batting: LHB Mike DiNardo
|
0-0: Ball 1-0: Ground out U3 (Groundball, 34S, EV 89.4 MPH)
|
Batting: SHB Benoît Morin
|
0-0: Foul Ball, location: 2F 0-1: Ball 1-1: Foul Ball, location: 2F 1-2: Ground out 4-3 (Groundball, 4, EV 101.2 MPH)
|
Top of the 9th over - 0 runs, 0 hits, 0 errors, 0 left on base; South Bend 0 - Kane County 11 |
|